TOP OF THE 1ST |
Kingston Township Legion batting - Pitching for Las Vegas Flamingos : RHP Art Adams
|
Pitching: RHP Art Adams
|
|
Batting: RHB Ron Bernard
|
0-0: Called Strike 0-1: Ground out 6-3 (Groundball, 6D)
|
Batting: LHB António González
|
0-0: Called Strike 0-1: Foul Ball, location: 2F 0-2: Fly out, F4 (Line Drive, 4)
|
Batting: RHB EP Weston
|
0-0: Swinging Strike 0-1: Ball 1-1: Ball 2-1: TRIPLE (Flyball, 8LXD)
|
Batting: RHB Clarence Neal
|
0-0: Ball 1-0: Ball Wild Pitch! EP Weston scores 2-0: Ball 3-0: Called Strike 3-1: Fly out, F5 (Line Drive, 5)
|
Top of the 1st over - 1 run, 1 hit, 0 errors, 0 left on base; Kingston Township 1 - Las Vegas 0 |
BOTTOM OF THE 1ST |
Las Vegas Flamingos batting - Pitching for Kingston Township Legion : RHP Noburo Oishi
|
Pitching: RHP Noburo Oishi
|
|
Batting: RHB Sake van Arem
|
0-0: Ball 1-0: Ball 2-0: Foul Ball, location: 2F 2-1: Ball 3-1: Ground out 4-3 (Groundball, 4)
|
Batting: LHB Ruud van Ineveld
|
0-0: TRIPLE (Flyball, 78XD)
|
Batting: LHB Victor Adams
|
0-0: Ball 1-0: Ball 2-0: Ball 3-0: Called Strike 3-1: Called Strike 3-2: Base on Balls
|
Batting: RHB Sergio Ortíz
|
0-0: Swinging Strike 0-1: Foul Ball, location: 2F 0-2: Ball 1-2: Fielders Choice at 2nd, 3-6 (Groundball, 34) Ruud van Ineveld scores
|
Batting: SHB Glyn Bolasky
|
0-0: Called Strike 0-1: Ball 1-1: SINGLE (Flyball, 8RS) Sergio Ortíz to second
|
Batting: RHB Xavier Hernández
|
0-0: Ball 1-0: Ball 2-0: Called Strike 2-1: Ball 3-1: Called Strike 3-2: Strikes out swinging
|
Bottom of the 1st over - 1 run, 2 hits, 0 errors, 2 left on base; Kingston Township 1 - Las Vegas 1 |
TOP OF THE 2ND |
Kingston Township Legion batting - Pitching for Las Vegas Flamingos : RHP Art Adams
|
Batting: LHB Charles Mathes
|
0-0: Ball 1-0: Fly out, F9 (Flyball, 9S)
|
Batting: RHB Dani Trejo
|
0-0: Called Strike 0-1: Ball 1-1: Swinging Strike 1-2: Strikes out swinging
|
Batting: RHB Júlio Rodríguez
|
0-0: Ball 1-0: Ball 2-0: Called Strike 2-1: Foul Ball, location: 2F 2-2: Fly out, F8 (Line Drive, 78M)
|
Top of the 2nd over - 0 runs, 0 hits, 0 errors, 0 left on base; Kingston Township 1 - Las Vegas 1 |
BOTTOM OF THE 2ND |
Las Vegas Flamingos batting - Pitching for Kingston Township Legion : RHP Noburo Oishi
|
Batting: LHB José Alonso
|
0-0: Ball 1-0: Called Strike 1-1: Ball 2-1: Ball 3-1: Called Strike 3-2: Base on Balls
|
Batting: SHB Wilbert Carter
|
0-0: Called Strike 0-1: Ball 1-1: Ball 2-1: Swinging Strike 2-2: Foul Ball, location: 2F 2-2: Foul Ball, location: 2F 2-2: Ball 3-2: Base on Balls José Alonso to second
|
Batting: RHB Rodney Usry
|
0-0: SINGLE (Line Drive, 8LS) José Alonso to third Wilbert Carter to second Runner from 3rd tries for Home, SAFE, no throw
|
Batting: RHB Sake van Arem
|
0-0: Ball 1-0: Swinging Strike 1-1: Ball 2-1: Ball 3-1: Ground out 5-3 (Groundball, 56S) Wilbert Carter to third Rodney Usry to second
|
Batting: LHB Ruud van Ineveld
|
0-0: Foul Ball, location: 2F 0-1: Ground out 4-3 (Groundball, 34) Wilbert Carter scores Rodney Usry to third
|
Batting: LHB Victor Adams
|
0-0: Called Strike 0-1: Ball 1-1: Ball 2-1: SINGLE (Line Drive, 7LS) Rodney Usry scores
|
Batting: RHB Sergio Ortíz
|
0-0: Called Strike 0-1: Ball 1-1: Ball Passed Ball! Victor Adams to second 2-1: 2-RUN HOME RUN (Flyball, 7LD), Distance : 346 ft
|
Batting: SHB Glyn Bolasky
|
0-0: Ball 1-0: Foul Ball, location: 2F 1-1: Ball 2-1: Ball 3-1: Called Strike 3-2: Fly out, F6 (Popup, 6D)
|
Bottom of the 2nd over - 5 runs, 3 hits, 0 errors, 0 left on base; Kingston Township 1 - Las Vegas 6 |
TOP OF THE 3RD |
Kingston Township Legion batting - Pitching for Las Vegas Flamingos : RHP Art Adams
|
Batting: RHB Jim Scott
|
0-0: Swinging Strike 0-1: Ball 1-1: Swinging Strike 1-2: Foul Ball, location: 2F 1-2: Foul Ball, location: 2F 1-2: Ball 2-2: Foul Ball, location: 2F 2-2: Ball 3-2: Foul Ball, location: 2F 3-2: Foul Ball, location: 2F 3-2: SINGLE (Groundball, 6MD)
|
Batting: RHB Noel Wells
|
0-0: SINGLE (Flyball, 9LS) Jim Scott to second Runner from 2nd tries for 3rd, SAFE, throw made to third
|
Batting: RHB Ron Bernard
|
0-0: Fly out, F9 (Line Drive, 89S) Runner from 3rd tags up, SCORES, no throw
|
Batting: LHB António González
|
0-0: Ball 1-0: Foul Ball, location: 2F 1-1: Foul Ball, location: 2F 1-2: Foul Ball, location: 2F 1-2: Ball 2-2: Ball 3-2: Strikes out looking
|
Batting: RHB EP Weston
|
0-0: Ball 1-0: Ball 2-0: Ball 3-0: Called Strike 3-1: Fly out, F8 (Line Drive, 8LD)
|
Top of the 3rd over - 1 run, 2 hits, 0 errors, 1 left on base; Kingston Township 2 - Las Vegas 6 |
BOTTOM OF THE 3RD |
Las Vegas Flamingos batting - Pitching for Kingston Township Legion : RHP Noburo Oishi
|
Batting: RHB Xavier Hernández
|
0-0: SINGLE (Groundball, 34D)
|
Batting: LHB José Alonso
|
0-0: Called Strike 0-1: Swinging Strike 0-2: Ground out 4-3 (Groundball, 34) Xavier Hernández to second
|
Batting: SHB Wilbert Carter
|
0-0: Called Strike 0-1: Ball 1-1: Ball 2-1: Ground out 4-3 (Groundball, 4S) Xavier Hernández to third
|
Batting: RHB Rodney Usry
|
0-0: Ball 1-0: Ball 2-0: Swinging Strike 2-1: Ball 3-1: Base on Balls
|
Batting: RHB Sake van Arem
|
0-0: Called Strike 0-1: SINGLE (Line Drive, 4D) Xavier Hernández scores Rodney Usry to second Runner from 2nd tries for 3rd, SAFE, no throw
|
Pitching: RHP Anthony Ledesma
|
|
Batting: LHB Ruud van Ineveld
|
0-0: Ball 1-0: Foul Ball, location: 2F 1-1: Ground out U3 (Groundball, 3)
|
Bottom of the 3rd over - 1 run, 2 hits, 0 errors, 2 left on base; Kingston Township 2 - Las Vegas 7 |
TOP OF THE 4TH |
Kingston Township Legion batting - Pitching for Las Vegas Flamingos : RHP Art Adams
|
Batting: RHB Clarence Neal
|
0-0: Ball 1-0: Ball 2-0: Swinging Strike 2-1: Fly out, F9 (Line Drive, 9LM)
|
Batting: LHB Charles Mathes
|
0-0: Called Strike 0-1: SOLO HOME RUN (Flyball, 9LD), Distance : 349 ft
|
Batting: RHB Dani Trejo
|
0-0: Called Strike 0-1: Ground out 6-3 (Groundball, 6)
|
Batting: RHB Júlio Rodríguez
|
0-0: Fly out, F8 (Flyball, 8RXD)
|
Top of the 4th over - 1 run, 1 hit, 0 errors, 0 left on base; Kingston Township 3 - Las Vegas 7 |
BOTTOM OF THE 4TH |
Las Vegas Flamingos batting - Pitching for Kingston Township Legion : RHP Anthony Ledesma
|
Batting: LHB Victor Adams
|
0-0: Called Strike 0-1: Foul Ball, location: 2F 0-2: Fly out, F4 (Flyball, 4MD)
|
Batting: RHB Sergio Ortíz
|
0-0: Ball 1-0: SINGLE (Line Drive, 89S)
|
Batting: SHB Glyn Bolasky
|
0-0: Ball 1-0: Ball 2-0: Ball 3-0: Called Strike 3-1: Base on Balls Sergio Ortíz to second
|
Batting: RHB Xavier Hernández
|
0-0: Foul Ball, location: 2F 0-1: Called Strike 0-2: 3-RUN HOME RUN (Flyball, 78XD), Distance : 429 ft
|
Batting: LHB José Alonso
|
0-0: Fly out, F7 (Line Drive, 7D)
|
Batting: SHB Wilbert Carter
|
0-0: Ball 1-0: Called Strike 1-1: Ball 2-1: Foul Ball, location: 2F 2-2: Ball 3-2: Base on Balls
|
Batting: RHB Rodney Usry
|
0-0: Ball 1-0: Ball 2-0: Called Strike 2-1: Fly out, F3 (Popup, 3S)
|
Bottom of the 4th over - 3 runs, 2 hits, 0 errors, 1 left on base; Kingston Township 3 - Las Vegas 10 |
TOP OF THE 5TH |
Kingston Township Legion batting - Pitching for Las Vegas Flamingos : RHP Art Adams
|
Batting: RHB Jim Scott
|
0-0: Ball 1-0: Ball 2-0: Ground out 5-3 (Groundball, 5L)
|
Batting: RHB Noel Wells
|
0-0: Called Strike 0-1: Called Strike 0-2: Strikes out swinging
|
Batting: RHB Ron Bernard
|
0-0: Fly out, F8 (Flyball, 8RXD)
|
Top of the 5th over - 0 runs, 0 hits, 0 errors, 0 left on base; Kingston Township 3 - Las Vegas 10 |
BOTTOM OF THE 5TH |
Las Vegas Flamingos batting - Pitching for Kingston Township Legion : RHP Anthony Ledesma
|
Batting: RHB Sake van Arem
|
0-0: SINGLE (Line Drive, 6D)
|
Batting: LHB Ruud van Ineveld
|
0-0: Called Strike Sake van Arem steals 2nd base 0-1: Ball 1-1: Foul Ball, location: 2F 1-2: Ball 2-2: Ball 3-2: Foul Ball, location: 2F 3-2: Foul Ball, location: 2F 3-2: Foul Ball, location: 2F 3-2: Fly out, F9 (Flyball, 9) Runner from 2nd tags up, SAFE at 3rd with throw
|
Batting: LHB Victor Adams
|
0-0: Ball 1-0: Called Strike 1-1: Ball 2-1: Ground out U3 (Groundball, 3)
|
Batting: RHB Sergio Ortíz
|
0-0: Called Strike 0-1: Foul Ball, location: 2F 0-2: Ball 1-2: Ground out 6-3 (Groundball, 6)
|
Bottom of the 5th over - 0 runs, 1 hit, 0 errors, 1 left on base; Kingston Township 3 - Las Vegas 10 |
TOP OF THE 6TH |
Kingston Township Legion batting - Pitching for Las Vegas Flamingos : RHP Art Adams
|
Batting: LHB António González
|
0-0: Called Strike 0-1: Ball 1-1: Called Strike 1-2: Ground out 6-3 (Groundball, 4M)
|
Batting: RHB EP Weston
|
0-0: Called Strike 0-1: Ball 1-1: Called Strike 1-2: Ball 2-2: SOLO HOME RUN (Flyball, 9D), Distance : 394 ft
|
Batting: RHB Clarence Neal
|
0-0: Ball 1-0: Swinging Strike 1-1: Swinging Strike 1-2: Strikes out swinging
|
Batting: LHB Charles Mathes
|
0-0: Ball 1-0: Foul Ball, location: 2F 1-1: Foul Ball, location: 2F 1-2: Ball 2-2: Ball 3-2: Strikes out swinging
|
Top of the 6th over - 1 run, 1 hit, 0 errors, 0 left on base; Kingston Township 4 - Las Vegas 10 |
BOTTOM OF THE 6TH |
Las Vegas Flamingos batting - Pitching for Kingston Township Legion : RHP Anthony Ledesma
|
Batting: SHB Glyn Bolasky
|
0-0: Called Strike 0-1: Ball 1-1: Swinging Strike 1-2: SINGLE (Groundball, 56D)
|
Batting: RHB Xavier Hernández
|
0-0: Ball Glyn Bolasky steals 2nd base 1-0: Called Strike 1-1: SINGLE (Flyball, 78S) Glyn Bolasky to third Runner from 3rd tries for Home, SAFE, no throw
|
Pitching: RHP Santiago Paez
|
|
Batting: LHB José Alonso
|
0-0: Called Strike 0-1: Fly out, F4 (Line Drive, 4)
|
Batting: SHB Wilbert Carter
|
0-0: Ball 1-0: Ground out 3-1 (Groundball, 34S) Xavier Hernández to second
|
Batting: RHB Rodney Usry
|
0-0: Ball 1-0: Ball 2-0: Called Strike 2-1: Foul Ball, location: 2F 2-2: Ball 3-2: Base on Balls
|
Batting: RHB Sake van Arem
|
0-0: Fly out, F5 (Popup, 25F)
|
Bottom of the 6th over - 1 run, 2 hits, 0 errors, 2 left on base; Kingston Township 4 - Las Vegas 11 |
TOP OF THE 7TH |
Kingston Township Legion batting - Pitching for Las Vegas Flamingos : RHP Art Adams
|
Batting: RHB Dani Trejo
|
0-0: Swinging Strike 0-1: Foul Ball, location: 2F 0-2: Strikes out looking
|
Batting: RHB Júlio Rodríguez
|
0-0: Ball 1-0: Called Strike 1-1: Ball 2-1: SINGLE (Groundball, 34D)
|
Batting: RHB Jim Scott
|
0-0: Ball 1-0: Foul Ball, location: 2F 1-1: Ball 2-1: Fly out, F9 (Flyball, 89M)
|
Batting: RHB Noel Wells
|
0-0: Swinging Strike 0-1: Ball 1-1: Foul Ball, location: 2F 1-2: Fielders Choice at 2nd, 6-4 (Groundball, 6)
|
Top of the 7th over - 0 runs, 1 hit, 0 errors, 1 left on base; Kingston Township 4 - Las Vegas 11 |
BOTTOM OF THE 7TH |
Las Vegas Flamingos batting - Pitching for Kingston Township Legion : RHP Rafael Peralta
|
Pitching: RHP Rafael Peralta
|
|
Batting: LHB Ruud van Ineveld
|
0-0: Called Strike 0-1: Called Strike 0-2: Foul Ball, location: 2F 0-2: Ground out 6-3 (Groundball, 6)
|
Batting: LHB Victor Adams
|
0-0: Swinging Strike 0-1: Called Strike 0-2: Ball 1-2: Strikes out swinging
|
Batting: RHB Sergio Ortíz
|
0-0: Ground out 6-3 (Groundball, 6)
|
Bottom of the 7th over - 0 runs, 0 hits, 0 errors, 0 left on base; Kingston Township 4 - Las Vegas 11 |
TOP OF THE 8TH |
Kingston Township Legion batting - Pitching for Las Vegas Flamingos : RHP Art Adams
|
Pitching: RHP Melvin Haney
|
|
Batting: RHB Ron Bernard
|
0-0: Ball 1-0: Ball 2-0: Ground out 6-3 (Groundball, 6)
|
Batting: LHB António González
|
0-0: Ball 1-0: Ball 2-0: Ball 3-0: Base on Balls
|
Batting: RHB EP Weston
|
0-0: DOUBLE (Line Drive, 7LM) António González to third Runner from 3rd tries for Home, SAFE, no throw
|
Batting: RHB Clarence Neal
|
0-0: Ball 1-0: Ball 2-0: Called Strike 2-1: Foul Ball, location: 2F 2-2: Fly out, F8 (Flyball, 8RM)
|
Batting: LHB Charles Mathes
|
0-0: Called Strike 0-1: Fly out, F8 (Flyball, 8RM)
|
Top of the 8th over - 1 run, 1 hit, 0 errors, 1 left on base; Kingston Township 5 - Las Vegas 11 |
BOTTOM OF THE 8TH |
Las Vegas Flamingos batting - Pitching for Kingston Township Legion : RHP Rafael Peralta
|
Batting: SHB Glyn Bolasky
|
0-0: Ground out 4-3 (Groundball, 4)
|
Batting: RHB Xavier Hernández
|
0-0: Hit by Pitch
|
Batting: LHB José Alonso
|
0-0: Ball 1-0: Ball 2-0: Fly out, F4 (Line Drive, 4)
|
Batting: SHB Wilbert Carter
|
0-0: Called Strike 0-1: Foul Ball, location: 2F 0-2: SINGLE (Groundball, 4D) Xavier Hernández to second Runner from 2nd tries for 3rd, OUT!
|
Bottom of the 8th over - 0 runs, 1 hit, 0 errors, 1 left on base; Kingston Township 5 - Las Vegas 11 |
TOP OF THE 9TH |
Kingston Township Legion batting - Pitching for Las Vegas Flamingos : RHP Melvin Haney
|
Now at 2B: Job Pels
|
|
Batting: RHB Dani Trejo
|
0-0: Called Strike 0-1: Ball 1-1: Swinging Strike 1-2: Strikes out looking
|
Batting: RHB Júlio Rodríguez
|
0-0: Called Strike 0-1: Swinging Strike 0-2: Fly out, F7 (Line Drive, 78XD)
|
Batting: RHB Jim Scott
|
0-0: Ball 1-0: Called Strike 1-1: Swinging Strike 1-2: Strikes out swinging
|
Top of the 9th over - 0 runs, 0 hits, 0 errors, 0 left on base; Kingston Township 5 - Las Vegas 11 |
|